 Dungeon Crawl Stone Soup version 0.30-a0-141-g30f27751c5 (webtiles) character file.

Game seed: 4221911642638998981

220 qw the Chopper (level 5, 0/33 HPs)
             Began as a Gargoyle Fighter on Sept 25, 2022.
             Slain by an orc wizard
             ... wielding a +0 dagger
              (2 damage)
             ... on level 4 of the Dungeon.
             The game lasted 00:01:16 (2784 turns).

qw the Chopper (Gargoyle Fighter)                   Turns: 2784, Time: 00:01:16

Health: 0/33       AC: 13    Str: 21    XL:     5   Next: 97%
Magic:  5/5        EV:  7    Int:  9    God:
Gold:   142        SH:  4    Dex:  9    Spells: 4/4 levels left

rFire   . . .      SeeInvis .    Y - +1 war axe
rCold   . . .      Faith    .    c - +0 buckler
rNeg    + . .      Spirit   .    e - +0 chain mail
rPois   inf        Reflect  .    (no helmet)
rElec   +          Harm     .    (no cloak)
rCorr   .          Rampage  .    (no gloves)
Will    .....                    (no boots)
Stlth   ..........               (no amulet)
HPRegen 0.11/turn                (no ring)
MPRegen 0.09/turn                (no ring)

@: no status effects
A: sickness immunity, AC +4, negative energy resistance 1, electricity
resistance, torment resistance 1, petrification resistance
a: no special abilities


You were on level 4 of the Dungeon.
You visited 1 branch of the dungeon, and saw 4 of its levels.

You collected 142 gold pieces.


Innate Abilities, Weirdness & Mutations

You are immune to sickness and miasma.
Your stone body is resilient. (AC +4)
You are immune to poison.
You resist negative energy. (rN+)
You are resistant to electric shocks. (rElec)
You are resistant to unholy torment.
You are immune to petrification.


   Skills:
 - Level 4.1 Fighting
 + Level 5.0 Axes
 - Level 3.2 Armour
 - Level 3.2 Shields


You had 4 spell levels left.
You didn't know any spells.
Your spell library was empty.

Inventory:

Hand Weapons
 j - a +0 mace
 Y - a +1 war axe (weapon)
Armour
 c - a +0 buckler (worn)
 e - a +0 chain mail (worn)
Scrolls
 a - 2 scrolls of identify
 g - a scroll of teleportation
Potions
 d - a potion of might
 f - a potion of curing {unknown}
 h - a potion of attraction {unknown}
 i - a potion of haste {unknown}
 k - 3 potions of heal wounds

Dungeon Overview and Level Annotations

Branches:
Dungeon (4/15)
 Temple: D:4-7

Altars:
Hepliaklqana
Ru


Message History

Something hits you but does no damage.
You barely miss something. Something hits you but does no damage.
You miss something. Something hits you but does no damage.
You hit something but do no damage.
You hear some strange, mumbled words.
A magic dart appears from out of thin air!
The magic dart hits you but does no damage.
You block something's attack.
You closely miss something. Something completely misses you.
You miss something.
You hear some strange, mumbled words.
You are confused.
You're too confused to attack without stumbling around!
There is a strange disturbance nearby!
Something hits you.
You're too confused to attack without stumbling around!
There is a strange disturbance nearby!
You hear some strange, mumbled words.
A magic dart appears from out of thin air!
The magic dart hits you but does no damage.
You're too confused to attack without stumbling around!
There is a strange disturbance nearby!
Something hits you but does no damage.
You're too confused to attack without stumbling around!
There is a strange disturbance nearby!
Something hits you.
You're too confused to attack without stumbling around!
There is a strange disturbance nearby!
You feel less confused. Something hits you but does no damage.
You hit something but do no damage. Something hits you but does no damage.
You miss something.
You hear some strange, mumbled words.
A puff of flame appears from out of thin air!
The puff of flame hits you! Something hits you.
You die...

#...%%............## #
#....#........###...
#....#....##...# ..
####......#.#...# .
###...#....#...# ##..
##.....#.#.....## #...
#...#..........# #..# ##
#...###....<...# #..# ...
##...###.....)@# ...##...
#...###......{# #.......
#...#.#.....))# #.......
#...#.........## ##.....o.
####...........###
##........
##.[......##...####..)..#...
#.........##........#.o.# ..
#.........#.........#...#
#...............o....#......


There were no monsters in sight!

Vanquished Creatures
  A hound (D:4)
  An orc priest (D:3)
  Ijyb (D:3)
  An orc wizard (D:3)
  An adder (D:2)
  An ufetubus (D:3)
  2 dart slugs
  10 orcs
  8 endoplasms
  3 giant cockroaches
  9 goblins
  5 hobgoblins
  9 jackals
  A quokka (D:1)
  6 ball pythons
  5 bats
  5 frilled lizards
  9 kobolds
  A rat (D:1)
79 creatures vanquished.

Notes
Turn   | Place    | Note
-------+----------+-------------------------------------------
     0 | D:1      | qw the Gargoyle Fighter began the quest for the Orb.
     0 | D:1      | Reached XP level 1. HP: 14/14 MP: 1/1
     0 | D:1      | 0 ||| qw: Version: 0.2-a-10-g399e6c4
     0 | D:1      | 0 ||| qw: Game counter: 324
     0 | D:1      | 0 ||| qw: Always use a shield: true
     0 | D:1      | 0 ||| qw: God list: Okawaru
     0 | D:1      | 0 ||| qw: Allow faded altars: false
     0 | D:1      | 0 ||| qw: Do Orc after D:15 true
     0 | D:1      | 0 ||| qw: Do second Lair branch before Depths: true
     0 | D:1      | 0 ||| qw: Lair rune preference: random
     0 | D:1      | 0 ||| qw: Plans: Normal, Zot:1-4, God:TSO, Crypt, Tomb,
                  | Pan, Slime:5, Hells, Abyss, Orb
     0 | D:1      | 0 ||| PLANNING D:1-11
    31 | D:1      | Reached skill level 2 in Axes
    77 | D:1      | Reached XP level 2. HP: 19/19 MP: 2/2
    78 | D:1      | 78 ||| Stepping ~*~*~tactically~*~*~ (hiding).
   404 | D:1      | Reached skill level 3 in Axes
   419 | D:1      | 419 ||| DROPPING +0 club.
   518 | D:1      | 518 ||| Stepping ~*~*~tactically~*~*~ (stealth).
   528 | D:1      | Reached XP level 3. HP: 23/23 MP: 3/3
   768 | D:1      | 768 ||| Stepping ~*~*~tactically~*~*~ (stealth).
   803 | D:1      | 803 ||| DROPPING +6 ring of intelligence.
   804 | D:1      | 804 ||| READING 2 scrolls labelled HAIMUS JYHI.
   805 | D:1      | 805 ||| READING scroll labelled LONUEH ESELAE.
   806 | D:1      | 806 ||| READING scroll labelled MUDIEW UKHLU.
   907 | D:1      | 907 ||| READING scroll labelled AFIRIRGHYUSOQ.
   908 | D:1      | 908 ||| READING scroll labelled WOIVORGH LAOGEJ.
   909 | D:1      | 909 ||| DRINKING 2 fuming blue potions.
  1041 | D:2      | 1041 ||| Stepping ~*~*~tactically~*~*~ (stealth).
  1046 | D:2      | 1046 ||| Stepping ~*~*~tactically~*~*~ (stealth).
  1418 | D:2      | 1418 ||| READING scroll labelled CIBRUEZ UROP.
  1423 | D:2      | 1423 ||| READING scroll labelled OLOKOO AGOIMU.
  1436 | D:3      | 1436 ||| PLANNING SEWER
  1445 | D:3      | Noticed Ijyb
  1464 | D:3      | Killed Ijyb
  1465 | D:3      | Reached skill level 4 in Axes
  1465 | D:3      | Reached XP level 4. HP: 11/28 MP: 4/4
  1723 | D:3      | Found a sacrificial altar of Ru.
  1819 | D:3      | Found a hazy altar of Hepliaklqana.
  1840 | D:3      | 1840 ||| Stepping ~*~*~tactically~*~*~ (stealth).
  1897 | D:3      | 1897 ||| Stepping ~*~*~tactically~*~*~ (stealth).
  1912 | D:3      | Reached XP level 5. HP: 24/32 MP: 5/5
  1914 | D:3      | 1914 ||| FLEEEEING.
  1915 | D:3      | 1915 ||| FLEEEEING.
  1924 | D:3      | 1924 ||| STAIRDANCE
  1991 | D:2      | 1991 ||| UPGRADING to +0 chain mail.
  2001 | D:2      | 2001 ||| DROPPING +0 scale mail.
  2002 | D:2      | 2002 ||| READING scroll labelled BIDDUJ POPI.
  2003 | D:2      | 2003 ||| READING scroll labelled PURUUN ORIHAMN.
  2120 | D:3      | 2120 ||| RIP SEWER
  2121 | D:3      | 2121 ||| PLANNING D:1-11
  2385 | D:4      | 2385 ||| STAIRDANCE
  2463 | D:4      | 2463 ||| STAIRDANCE
  2493 | D:4      | 2493 ||| STAIRDANCE
  2499 | D:4      | 2499 ||| STAIRDANCE
  2528 | D:4      | 2528 ||| Stepping ~*~*~tactically~*~*~ (stealth).
  2531 | D:4      | Reached skill level 5 in Axes
  2536 | D:4      | 2536 ||| Stepping ~*~*~tactically~*~*~ (stealth).
  2552 | D:4      | 2552 ||| Stepping ~*~*~tactically~*~*~ (stealth).
  2553 | D:4      | 2553 ||| Stepping ~*~*~tactically~*~*~ (stealth).
  2554 | D:4      | 2554 ||| Stepping ~*~*~tactically~*~*~ (stealth).
  2555 | D:4      | 2555 ||| Stepping ~*~*~tactically~*~*~ (stealth).
  2673 | D:4      | 2673 ||| Stepping ~*~*~tactically~*~*~ (stealth).
  2679 | D:4      | 2679 ||| Stepping ~*~*~tactically~*~*~ (stealth).
  2688 | D:4      | 2688 ||| Stepping ~*~*~tactically~*~*~ (hiding).
  2689 | D:4      | 2689 ||| Stepping ~*~*~tactically~*~*~ (hiding).
  2735 | D:4      | 2735 ||| FLEEEEING.
  2736 | D:4      | 2736 ||| FLEEEEING.
  2738 | D:4      | 2738 ||| FLEEEEING.
  2739 | D:4      | 2739 ||| FLEEEEING.
  2740 | D:4      | 2740 ||| FLEEEEING.
  2741 | D:4      | 2741 ||| FLEEEEING.
  2742 | D:4      | 2742 ||| FLEEEEING.
  2743 | D:4      | 2743 ||| FLEEEEING.
  2744 | D:4      | 2744 ||| FLEEEEING.
  2745 | D:4      | 2745 ||| FLEEEEING.
  2751 | D:4      | 2751 ||| Stepping ~*~*~tactically~*~*~ (stealth).
  2756 | D:4      | 2756 ||| Stepping ~*~*~tactically~*~*~ (stealth).
  2784 | D:4      | HP: 2/33 [something/puff of flame (8)]
  2784 | D:4      | Slain by an orc wizard

Levels and vault maps discovered:
D:1:      dpeg_arrival_stone_temple_mockup, layout_loops_ring, minmay_distorted
D:2:      layout_basic, kennysheep_cross_bottleneck
D:3:      layout_rooms, nicolae_ru_sacrificial_ziggurat,
          mainiacjoe_overflow_chevrons, portal_sewer_entry_e,
          serial_bayou_ford_a, uniq_ijyb
D:4:      layout_cave_pools, mainiacjoe_overflow_surrounded_room, serial_shops,
          nicolae_lakefront_shop, pf_guarded_unrand_meek

Skill      XL: |  1  2  3  4  5 |
---------------+----------------+-----
Axes           | 2 3 4 5 |  5.0
Fighting       | 4 |  4.1
Armour         | |  3.2
Shields        | |  3.2

Action                   |  1- 3 |  4- 6 || total
-------------------------+-------+-------++-------
Melee: War axe           |   124 |    97 ||   221
Throw: Boomerang         |       |     1 ||     1
  Use: Scroll            |     7 |     2 ||     9
       Potion            |     1 |       ||     1
Armor: Scale mail        |    54 |     5 ||    59
       Chain mail        |       |    65 ||    65
Dodge: Dodged            |    57 |    36 ||    93
Block: Buckler           |    24 |    16 ||    40

Table legend:
 A = Non-vault XP
 B = Vault XP
 C = Vault XP percentage of total XP
 D = Non-vault monster count
 E = Vault monster count
 F = Vault count percentage of total count
                 A         B        C        D         E       F
            +---------+---------+-------+---------+---------+-------
      Total |     269 |      46 |  14.6 |      73 |       6 |   7.6
            +---------+---------+-------+---------+---------+-------
        D:1 |      39 |       2 |   4.9 |      23 |       2 |   8.0
        D:2 |      30 |       0 |   0.0 |      12 |       0 |   0.0
        D:3 |     115 |      35 |  23.3 |      18 |       1 |   5.3
        D:4 |      85 |       9 |   9.6 |      20 |       3 |  13.0
            +---------+---------+-------+---------+---------+-------
